 Dungeon Crawl Stone Soup version 0.21-a0-404-g291f19a (webtiles) character file.

854 Coron the Ducker (level 7, -1/108 HPs)
             Began as a Troll Berserker on Oct 29, 2017.
             Was a Priest of Trog.
             Slain by an orc warrior
             ... wielding a cursed -2 long sword
              (16 damage)
             ... on level 4 of the Dungeon.
             The game lasted 00:04:52 (2024 turns).

Coron the Ducker (Troll Berserker)                  Turns: 2024, Time: 00:04:53

Health: -1/108     AC:  5    Str: 33    XL:     7   Next: 70%
Magic:  6/6        EV: 12    Int:  3    God:    Trog [***...]
Gold:   167        SH:  0    Dex:  9    Spells: 6/6 levels left

rFire    . . .     SeeInvis .     - Unarmed
rCold    . . .     Gourm    +   (no shield)
rNeg     . . .     Faith    .   a - +0 animal skin
rPois    .         Spirit   .   (helmet restricted)
rElec    .         Reflect  .   (no cloak)
rCorr    .         Harm     .   (gloves unavailable)
MR       .....                  (boots unavailable)
Stlth    ..........             (no amulet)
HPRegen  0.68/turn              (no ring)
MPRegen  0.10/turn              (no ring)

@: berserking, very quick
A: unfitting armour, claws 3, fast metabolism 3, gourmand, regeneration 1,
shaggy fur 1, tough skin 2
a: Berserk, Trog's Hand, Burn Spellbooks, Renounce Religion


You were on level 4 of the Dungeon.
You worshipped Trog.
Trog was most pleased with you.
You were very full.

You visited 1 branch of the dungeon, and saw 4 of its levels.

You collected 167 gold pieces.

Inventory:

Armour
 a - a +0 animal skin (worn)
 m - a +2 shield
Jewellery
 i - an uncursed ring of ice
Wands
 w - a wand of flame (31/48)
Scrolls
 e - a scroll of recharging {unknown}
 f - a scroll of remove curse
 g - 2 scrolls of random uselessness
 n - a scroll of fog {unknown}
 p - a scroll of enchant armour {unknown}
 s - a scroll of identify
 u - 2 scrolls of enchant weapon {unknown}
 v - a scroll of immolation {unknown}
 y - a scroll of noise {unknown}
Potions
 c - a potion of brilliance {unknown}
 d - a potion of flight {unknown}
 h - a potion of heal wounds {unknown}
 j - a potion of magic {unknown}
 k - 2 potions of ambrosia
 t - a potion of curing {unknown}
 x - a potion of mutation {unknown}
Books
 l - a book of Alchemy

   Spells                             Type                      Level
   a - Sublimation of Blood           Necromancy                   2
   b - Ignite Poison                  Fire/Transmutation/Poison    3
   c - Petrify                        Transmutation/Earth          4
   d - Alistair's Intoxication        Transmutation/Poison         5
   e - Irradiate                      Conjuration/Transmutation    5
   Trog disapproves of the use of such an item.
Comestibles
 b - 5 bread rations
 o - 4 fruits
 q - 10 chunks of flesh
 r - 3 royal jellies


   Skills:
 + Level 5.6 Fighting
 + Level 5.6 Dodging
 - Level 3.4 Unarmed Combat


You had 6 spell levels left.
You didn't know any spells.

Dungeon Overview and Level Annotations

Branches:
Dungeon (4/15)
 Temple: D:4-7

Altars:


Innate Abilities, Weirdness & Mutations

You are too large for most types of armour.
You have claws for hands.
Your metabolism is lightning-fast.
You like to eat raw meat.
Your natural rate of healing is unusually fast.
You are covered in fur. (AC +1)
You have very tough skin. (AC +2)


Message History

The orc barely misses you. The worker ant bites you.
You closely miss the orc priest.
The orc priest is severely wounded.
The orc hits you but does no damage. The orc hits you with a dagger.
* * * LOW HITPOINT WARNING * * *
The worker ant misses you.
The orc priest hits you but does no damage.
A red film seems to cover your vision as you go berserk!
You feel yourself moving faster!
You feel mighty! The orc misses you.
The orc warrior hits you with a long sword!
* * * LOW HITPOINT WARNING * * *
The worker ant closely misses you. The orc hits you but does no damage.
The orc barely misses you. The orc priest barely misses you.
You claw the orc priest!
You kill the orc priest!
Trog accepts your kill.
The orc hits you from afar with a trident.
* * * LOW HITPOINT WARNING * * *
The orc warrior hits you with a long sword!
You die...

#...(....# #...#
#........# ###.#
###############.#
#..$..##...#.# ..#
#.....##.#.#.# ...#
#.....##.#.#.# ...#
#....o...#.#.#### ...#
#...)o..........##...#
#...o@a##.#...........
#...o..##.+....)......
#......####...))).....
#.....## #....)......
#.....# #......)....
####### #...........
######...... #......
#......


You could see an orc warrior, a worker ant and 3 orcs.

Vanquished Creatures
  The ghost of Coron the Ruffian, an amateur TrBe of Trog (D:4)
  An ice beast (D:3)
  An ogre (D:4)
  A bullfrog (D:3)
  2 scorpions
  2 orc priests (D:4)
  2 orc wizards (D:4)
  2 worker ants (D:4)
  4 adders (D:3)
  A worm (D:2)
  A dart slug (D:2)
  2 leopard geckos
  9 orcs
  3 ball pythons
  10 bats
  5 giant cockroaches
  8 goblins
  4 hobgoblins
  2 jackals (D:3)
  3 kobolds
  A quokka (D:3)
  6 frilled lizards
  4 rats
75 creatures vanquished.

Notes
Turn   | Place    | Note
-------+----------+-------------------------------------------
     0 | D:1      | Coron the Troll Berserker began the quest for the Orb.
     0 | D:1      | Reached XP level 1. HP: 22/22 MP: 0/0
    94 | D:1      | Reached XP level 2. HP: 29/29 MP: 1/1
   513 | D:2      | Reached XP level 3. HP: 36/36 MP: 2/2
   555 | D:2      | Reached ** piety under Trog
  1063 | D:3      | Noticed a bullfrog
  1070 | D:3      | Killed a bullfrog
  1070 | D:3      | Reached XP level 4. HP: 45/45 MP: 3/3
  1127 | D:3      | Reached XP level 5. HP: 42/54 MP: 4/4
  1235 | D:3      | Noticed an ice beast
  1245 | D:3      | Killed an ice beast
  1245 | D:3      | Reached XP level 6. HP: 47/62 MP: 5/5
  1336 | D:3      | Reached *** piety under Trog
  1667 | D:4      | Noticed Coron's ghost (amateur TrBe)
  1678 | D:4      | Killed Coron's ghost
  1678 | D:4      | Reached XP level 7. HP: 71/71 MP: 6/6
  1681 | D:4      | Reached skill level 5 in Fighting
  1681 | D:4      | Reached skill level 5 in Dodging
  2024 | D:4      | Slain by an orc warrior

Vault maps used:
D:1:      dpeg_arrival_renting
D:2:      dk_noncrumbling_3
D:3:      first_bread

Skill      XL: |  1  2  3  4  5  6  7 |
---------------+----------------------+-----
Fighting       | 3 4 5 |  5.6
Dodging        | 3 4 5 |  5.6
Unarmed Combat | |  3.4

Action                   |  1- 3 |  4- 6 |  7- 9 || total
-------------------------+-------+-------+-------++-------
Melee: Unarmed           |   108 |    67 |    40 ||   215
       Punch             |     1 |     2 |     1 ||     4
Invok: Berserk           |     1 |     1 |     1 ||     3
  Use: Scroll            |       |     5 |       ||     5
  Eat: Chunk             |    14 |     8 |     4 ||    26
Armor: Animal skin       |    40 |    25 |    11 ||    76
Dodge: Dodged            |    68 |    30 |    21 ||   119

Table legend:
 A = Spawn XP
 B = Non-spawn XP
 C = Spawn XP percentage of total XP
 D = Spawn monster count
 E = Non-spawn monster count
 F = Spawn count percentage of total count
 G = Total turns spent on level
                    A         B        C        D         E        F      G
               +---------+---------+-------+---------+---------+-------+---------
         Total |       0 |    1220 |   0.0 |       0 |      75 |   0.0 |  2024
               +---------+---------+-------+---------+---------+-------+---------
           D:1 |       0 |      32 |   0.0 |       0 |      18 |   0.0 |   437
           D:2 |       0 |      40 |   0.0 |       0 |      21 |   0.0 |   584
           D:3 |       0 |     387 |   0.0 |       0 |      25 |   0.0 |   646
           D:4 |       0 |     761 |   0.0 |       0 |      11 |   0.0 |   357
               +---------+---------+-------+---------+---------+-------+---------
